 Dungeon Crawl Stone Soup version bcrawl-1.31.4 (webtiles) character file.

Game seed: 12581087319532852069

289472 Morbidden the Chucker (level 8, -2/75 HPs)
             Began as a Troll Hunter on May 26, 2021.
             Slain by a troll (6 damage)
             ... on level 5 of the Dungeon.
             The game lasted 00:07:18 (4120 turns).

Morbidden the Chucker (Troll Hunter)                Turns: 4120, Time: 00:07:19

Health: -2/75      AC:  7    Str: 23    XL:     8   Next: 38%
Magic:  7/7        EV: 11    Int:  8    God:
Gold:   322        SH:  0    Dex: 15    Spells: 7/8 levels left

rFire    . . .     SeeInvis .     - Claws (20.1)
rCold    . . .     Gourm    +   (no shield)
rNeg     . . .     Faith    .   (armour unavailable)
rPois    .         Spirit   .   (helmet restricted)
rElec    .         Reflect  .   (no cloak)
rCorr    .         Harm     .   (gloves unavailable)
MR       .....                  (boots unavailable)
Stlth    ..........             x - amulet of rage
HPRegen  0.62/turn              a - +5 ring of dexterity
MPRegen  0.10/turn              h - ring "Alimylai" {Slay+2 Stlth--}

@: no status effects
A: large, almost no armour, claws 3, fast metabolism 3, gourmand, regeneration
1, AC +7
a: Evoke Berserk Rage


You were on level 5 of the Dungeon.
You were full.

You visited 1 branch of the dungeon, and saw 5 of its levels.

You collected 322 gold pieces.

Inventory:

Hand Weapons
 b - a +0 hunting sling
Missiles
 c - 2 throwing nets {=f}
 j - 1116 stones
 l - 256 sling bullets
 s - 118 large rocks (quivered)
 v - 124 poisoned tomahawks
 z - 97 javelins
 A - 16 poisoned needles
 F - 30 needles of confusion
Jewellery
 a - a +5 ring of dexterity (left claw)
 h - the ring "Alimylai" (right claw) {Slay+2 Stlth--}
   (You found it on level 2 of the Dungeon)

   [ring of attention]

   It affects your accuracy and damage with ranged weapons and melee attacks
   (+2).
   It makes you much less stealthy.
 x - an amulet of rage (around neck)
Wands
 d - a wand of flame (29)
 D - a wand of enslavement (8)
Scrolls
 i - 7 scrolls of identify
 m - a scroll of fog {unknown}
 p - a scroll of immolation {unknown}
 r - 2 scrolls of remove curse
 w - a scroll of noise {unknown}
 y - a scroll of magic mapping {unknown}
 B - a scroll of enchant armour
 C - a scroll of teleportation
Potions
 f - a potion of magic {unknown}
 g - a potion of agility {unknown}
 k - 4 potions of curing
 n - a potion of flight {unknown}
 o - 2 potions of berserk rage {unknown}
 q - a potion of haste {unknown}
 t - a potion of invisibility {unknown}
 u - a potion of resistance {unknown}
 E - 2 potions of might {unknown}
 G - a potion of brilliance {unknown}
 H - 2 potions of lignification {unknown}
Comestibles
 e - 9 rations {!d}


   Skills:
 * Level 3.5 Fighting
 + Level 2.8(3.9) Slings
 * Level 5.4(6.0) Throwing
 * Level 3.6 Dodging
 + Level 0.9 Stealth
 * Level 5.0 Unarmed Combat
 * Level 0.5 Spellcasting
 * Level 1.0 Conjurations


You had 7 spell levels left.
You knew the following spells:

 Your Spells              Type           Power        Failure   Level  Hunger
a - Magic Dart            Conj           #...         26%         1    None

Your spell library contained the following spells:

 Spells                   Type           Power        Failure   Level  Hunger
 Corona                   Hex            #......      38%         1    None
 Searing Ray              Conj           #.......     38%         2    ###....
 Ensorcelled Hibernation  Hex/Ice        #.....       54%         2    ###....
 Iskenderun's Mystic Bla  Conj           #.......     63%         3    #####..
 Dazzling Orbs            Conj/Hex       #......      71%         3    #####..
 Confuse                  Hex            #.......     77%         3    #####..
 Tukima's Dance           Hex            #.......     77%         3    #####..
 Fulminant Prism          Conj/Hex       #.........   98%         4    ######.
 Cause Fear               Hex            #.........   99%         4    ######.
 Irradiate                Conj/Tmut      #.........   100%        5    #######


Dungeon Overview and Level Annotations

Branches:
Dungeon (5/12)
 Temple: D:4-7

Altars:
Yredelemnul

Shops:
D:5 %

Annotations:
D:4 Pikel


Innate Abilities, Weirdness & Mutations

You cannot wear most types of armour.
Your thick skin is tough. (AC +7)
You are too large for most types of armour.
You have claws for hands.
Your metabolism is lightning-fast.
You like to eat raw meat.
Your natural rate of healing is unusually fast.


Message History

Quiver which item? (- for none, * to show all) (? for menu, Esc to quit)
Quivering
s - 120 large rocks for throwing.
Throwing (i - inventory. (/) - cycle)
s - 120 large rocks (quivered)
Press: ? - help, Shift-Dir - straight line, f - troll
Aim: a troll (severely wounded)
You throw a large rock. The large rock hits the troll!
The troll is almost dead.
The troll bites you.
* * * LOW HITPOINT WARNING * * *
The troll barely misses you. The troll claws you but does no damage.
The troll closely misses you. The troll misses you.
The troll closely misses you.
No path to travel!
No path to travel!
Throwing (i - inventory. (/) - cycle)
s - 119 large rocks (quivered)
Press: ? - help, Shift-Dir - straight line, f/p - troll
Aim: a troll (almost dead)
You throw a large rock. The large rock barely misses the troll.
The troll bites you.
You die...

#.##. ...# #..#.
#..# ######....
#..# ........#.
#..# #######.#.
#..# ##.##
#.(####.# ###....
#(.T....# #......
#@# #...... #.#
#######...... #.#
#............ #.#
#.#####...... #.#
#..........).
#.####..####......
#.......# #######
#(...........#
##############


You could see a troll.

Vanquished Creatures
  Menkaure (D:5)
  A slave (D:4)
  2 phantoms (D:5)
  3 ogres (D:4)
  A scorpion (D:2)
  3 crimson imps
  2 centaur skeletons
  4 orc priests (D:4)
  A hound (D:4)
  3 orc wizards
  A bullfrog skeleton (D:3)
  4 worker ants
  A hound skeleton (D:4)
  A howler monkey zombie (D:5)
  5 adders
  A gnoll (D:3)
  3 oozes
  2 worms
  4 dart slugs
  5 leopard geckos
  26 orcs
  A giant cockroach (D:2)
  4 goblins
  16 hobgoblins
  8 jackals
  10 kobolds
  2 quokkas
  3 ball pythons
  9 bats
  3 frilled lizards
  2 gnoll zombies (D:3)
  6 rats
138 creatures vanquished.

Notes
Turn   | Place    | Note
-------+----------+-------------------------------------------
     0 | D:1      | Morbidden the Troll Hunter began the quest for the Orb.
     0 | D:1      | Reached XP level 1. HP: 19/19 MP: 0/0
   157 | D:1      | Reached XP level 2. HP: 18/28 MP: 1/1
   673 | D:1      | Reached XP level 3. HP: 31/35 MP: 2/2
  1017 | D:2      | Got a clouded pewter ring
  1331 | D:2      | Noticed a scorpion
  1339 | D:2      | Killed a scorpion
  1340 | D:2      | Reached skill level 1 in Unarmed Combat
  1340 | D:2      | Gained mutation: Your natural rate of healing is unusually
                  | fast. [Troll growth]
  1340 | D:2      | Reached XP level 4. HP: 39/42 MP: 3/3
  1871 | D:3      | Reached skill level 1 in Slings
  2032 | D:3      | Reached XP level 5. HP: 49/50 MP: 4/4
  2118 | D:3      | Identified the ring "Alimylai" {Slay+2 Stlth--} (You found
                  | it on level 2 of the Dungeon)
  2261 | D:3      | Found a basalt altar of Yredelemnul.
  2915 | D:4      | Reached XP level 6. HP: 58/59 MP: 5/5
  3099 | D:4      | Reached XP level 7. HP: 59/67 MP: 6/6
  3233 | D:4      | Reached skill level 5 in Throwing
  3236 | D:4      | Noticed Pikel
  3694 | D:5      | Entered Level 5 of the Dungeon
  3754 | D:5      | Learned a level 1 spell: Magic Dart
  3782 | D:5      | Reached XP level 8. HP: 69/75 MP: 7/7
  3893 | D:5      | Found Iziss's Food Boutique.
  4027 | D:5      | Noticed Menkaure
  4031 | D:5      | Killed Menkaure
  4032 | D:5      | Reached skill level 5 in Unarmed Combat
  4032 | D:5      | Reached skill level 1 in Conjurations
  4111 | D:5      | Noticed a troll
  4119 | D:5      | HP: 3/75 [troll (3)]
  4120 | D:5      | Slain by a troll

Skill      XL: |  1  2  3  4  5  6  7  8 |
---------------+-------------------------+-----
Throwing       | 4 5 |  5.4
Dodging        | 2 3 |  3.6
Fighting       | 2 3 |  3.5
Unarmed Combat | 1 2 4 5 |  5.0
Slings         | 1 2 |  2.8
Conjurations   | 1 |  1.0
Stealth        | |  0.9
Spellcasting   | |  0.5

Action                   |  1- 3 |  4- 6 |  7- 9 || total
-------------------------+-------+-------+-------++-------
Melee: Unarmed           |    68 |    60 |   101 ||   229
       Punch             |       |     2 |     2 ||     4
 Fire: Hunting sling     |    40 |   166 |       ||   206
Throw: Stone             |     5 |    13 |    66 ||    84
       Large rock        |       |       |     2 ||     2
Evoke: Wand              |       |       |     2 ||     2
  Use: Scroll            |       |     1 |     3 ||     4
       Potion            |       |       |     2 ||     2
 Stab: Sleeping          |     2 |       |       ||     2
  Eat: Chunk             |    16 |    18 |     6 ||    40
Armor: Skin              |    39 |    45 |    41 ||   125
Dodge: Dodged            |    52 |    68 |    60 ||   180
